[Event "*** SCC Grand Prix: Titled Tuesday Blitz"]
[Site "Chess.com"]
[Date "2020.06.02"]
[Round "2"]
[White "chito89"]
[Black "MilosJi"]
[Result "1-0"]
[WhiteElo "2800"]
[BlackElo "2523"]
[TimeControl "180+1"]
[EndTime "10:17:00 PDT"]
[Termination "chito89 won by resignation"]

1. Nf3 d5 2. g3 c6 3. c4 Nf6 4.
Bg2 e6 5. b3 Be7 6. O-O O-O 7.
Bb2 Nbd7 8. Nc3 b6 9. Rc1 Bb7 10. d4 Rc8 11. Qd3 Rc7 12. Rfd1 Qb8 13. e4 Rfc8 14.
e5 Ne8 15. Qe3 a5 16. h4 Ba6 17. Bf1 Qa8 18. Bd3 Nf8 19. Qf4 Qb7 20. Ng5 Bd8 21. Ba3 h6 22. Nh3 b5 23. Bxf8 Kxf8 24. c5 b4 25. Na4 Bxd3 26. Rxd3 Kg8 27. Qg4 Re7 28. Nf4 Qd7 29. Rf3 f5 30. Qg6 Nc7 31. Nb6 Qe8 32.
Nxc8 Rf7 33. Nd6 1-0

[Event "*** SCC Grand Prix: Titled Tuesday Blitz"]
[Site "Chess.com"]
[Date "2020.06.02"]
[Round "2"]
[White "m_ezat"]
[Black "Pultis"]
[Result "1-0"]
[WhiteElo "2537"]
[BlackElo "2769"]
[TimeControl "180+1"]
[EndTime "10:17:01 PDT"]
[Termination "m_ezat won by resignation"]

1. d4 Nf6 2. c4 g6 3. Nc3 d5 4. Bg5 Ne4 5. cxd5 Nxg5 6. h4 Ne4 7. Nxe4 Qxd5 8. Qd3 Bg7 9. Nf3 Nc6 10. Nc3 Qa5 11. e3 O-O 12. Qb5 Qxb5 13. Bxb5 a6 14. Bxc6 bxc6 15. h5 Rb8 16. hxg6 hxg6 17. Na4 Be6 18. b3 Bd5 19. Nc5 Ra8 20. Ke2 f6 21. Rac1 a5 22.
Rc3 Rfd8 23. Rhc1 Rd6 24. Nh4 Bf7 25. Nf3 Bd5 26. Nd2 f5 27. Nc4 Rdd8 28. Nd3 Be4 29. Nce5 a4 30. b4 Rd6 31. Nxc6 Bd5 32. Nxe7+ Kh7 33. Rh1+ Bh6 34. Nxd5 Rd7 35. Nf6+ 1-0

[Event "*** SCC Grand Prix: Titled Tuesday Blitz"]
[Site "Chess.com"]
[Date "2020.06.02"]
[Round "2"]
[White "atalz0"]
[Black "DaggiGretarsson"]
[Result "0-1"]
[WhiteElo "2315"]
[BlackElo "2644"]
[TimeControl "180+1"]
[EndTime "10:17:01 PDT"]
[Termination "DaggiGretarsson won by resignation"]

1. d4 g6 2. e4 Bg7 3. Nf3 d6 4. Bc4 Nf6 5. Qe2 O-O 6. e5 dxe5 7. dxe5 Nd5 8. O-O Bg4 9. Nbd2 Nb6 10. Bb3 Nc6 11. h3 Nd4 12. Qe3 Nxb3 13. axb3 Bf5 14. c4 Qd3 15. Qxd3 Bxd3 16. Re1 Rfd8 17. Ra5 a6 18.
Ng5 e6 19. Nde4 Nd7 20. f4 Bf8 21. Bd2 b6 22. Raa1 Nc5 23. Nf6+ Kg7 24. Ngxh7 Nxb3 25. Bc3 Nxa1 26. Rxa1 Bc5+ 27. Kh2 Bd4 28. Rd1 Bxc3 29. bxc3 Bxc4 30. Re1 a5 31. Ng5 a4 32. g4 a3 33. h4 a2 34. Ra1 Rd2+ 0-1

[Event "*** SCC Grand Prix: Titled Tuesday Blitz"]
[Site "Chess.com"]
[Date "2020.06.02"]
[Round "2"]
[White "fidezivkovic"]
[Black "capatl"]
[Result "0-1"]
[WhiteElo "2252"]
[BlackElo "2460"]
[TimeControl "180+1"]
[EndTime "10:17:01 PDT"]
[Termination "capatl won on time"]

1. e4 c5 2. Nc3 e6 3. Nge2 a6 4. g3 b5 5. Bg2 Bb7 6. O-O d6 7. d4 cxd4 8. Nxd4 Nd7 9. f4 Qc7 10. Be3 Ngf6 11. a3 Nc5 12. Qe2 Ncxe4 13. Nxe4 Bxe4 14.
f5 e5 15. Nxb5 Qb7 16. Bxe4 Nxe4 17. Nc3 Nxc3 18. bxc3 Be7 19. f6 Bxf6 20. c4 Be7 21. Qg4 O-O 22. Bh6 g6 23. Bxf8 Rxf8 24. Rab1 Qc6 25. h4 h5 26. Qf3 Qxc4 27. Rb7 Qe6 28. Qc6 e4 29. Qxa6 Bf6 30. Qe2 Kg7 31. Kh2 Rc8 32.
Qf2 e3 0-1

[Event "*** SCC Grand Prix: Titled Tuesday Blitz"]
[Site "Chess.com"]
[Date "2020.06.02"]
[Round "2"]
[White "Terao90"]
[Black "Meri-Arabidze"]
[Result "0-1"]
[WhiteElo "2270"]
[BlackElo "2572"]
[TimeControl "180+1"]
[EndTime "10:17:02 PDT"]
[Termination "Meri-Arabidze won by resignation"]

1. e4 c5 2. Nf3 e6 3. Nc3 a6 4. d4 cxd4 5. Nxd4 Nc6 6. Nxc6 bxc6 7. e5 Qc7 8. Bf4 Ne7 9. Ne4 Ng6 10. Bg3 Nxe5 11.
Qd4 d6 12. O-O-O Bb7 13. Nxd6+ Bxd6 14. Qxd6 Qxd6 15. Rxd6 Ng6 16. h4 Ne7 17. c4 Nf5 18.
Rd2 Nxg3 19. fxg3 c5 20. Bd3 Ke7 21. g4 h6 22. Re1 Rad8 23. Be4 Bxe4 24. Rxe4 Rxd2 25.
Kxd2 Rd8+ 26. Kc2 f6 27. a3 a5 28. b3 e5 29. h5 Ke6 30. Re3 Rd4 31. Rg3 Rf4 32.
Kc3 Rf1 33. Rd3 Rc1+ 34. Kb2 Rg1 35. Rd5 Rxg2+ 36. Kc3 Rg3+ 37. Kc2 Rxg4 38. Rxc5 a4 39. bxa4 Kd6 40. Rd5+ Kc6 41. Kb3 e4 42. a5 e3 43.
Rd8 Re4 44. Rd1 f5 0-1

[Event "*** SCC Grand Prix: Titled Tuesday Blitz"]
[Site "Chess.com"]
[Date "2020.06.02"]
[Round "2"]
[White "flexova"]
[Black "Khamrakulov_Djurabek"]
[Result "0-1"]
[WhiteElo "2523"]
[BlackElo "2824"]
[TimeControl "180+1"]
[EndTime "10:17:03 PDT"]
[Termination "Khamrakulov_Djurabek won on time"]

1. Nf3 d5 2. g3 g6 3. Bg2 Bg7 4. d4 c5 5. dxc5 Qa5+ 6. Bd2 Qxc5 7. Bc3 Nf6 8. O-O Nc6 9. Nbd2 O-O 10. Nb3 Qd6 11.
Nbd4 Ne4 12. Nxc6 Nxc3 13. Nxe7+ Qxe7 14. bxc3 Bxc3 15. Rb1 Rd8 16. Nd4 Bg4 17. Qd3 Rac8 18. Rb3 Bxd4 19. Qxd4 Qxe2 20. Rxb7 Be6 21. Rxa7 Qxc2 22.
h4 Qc4 23. Qf6 d4 24. h5 d3 25. hxg6 hxg6 26. Bf3 d2 27. Kg2 Bd5 28. Rh1 Bxf3+ 29.
Qxf3 Qd5 30. Rd1 Rc1 0-1

[Event "*** SCC Grand Prix: Titled Tuesday Blitz"]
[Site "Chess.com"]
[Date "2020.06.02"]
[Round "2"]
[White "Vesper2018"]
[Black "BlackBoarder"]
[Result "1-0"]
[WhiteElo "2354"]
[BlackElo "2630"]
[TimeControl "180+1"]
[EndTime "10:17:03 PDT"]
[Termination "Vesper2018 won by resignation"]

1. e4 e6 2. d4 d5 3. e5 c5 4. c3 Nc6 5. Nf3 Bd7 6. Be2 f6 7. O-O fxe5 8. dxe5 Qc7 9. Re1 Nh6 10. c4 d4 11. Bd3 Nf7 12. Qe2 O-O-O 13. Na3 a6 14. Nc2 g5 15. Nxg5 Nfxe5 16. Bf4 Bg7 17. Nf7 Rdf8 18.
Bxe5 Nxe5 19. Nxe5 Be8 20. b4 cxb4 21. Nxd4 Qd6 22.
Qe4 Rhg8 23. c5 Qe7 24. c6 b6 25. c7 b5 26. Rac1 Bxe5 27. Qa8+ Kd7 28. c8=Q+ 1-0

[Event "*** SCC Grand Prix: Titled Tuesday Blitz"]
[Site "Chess.com"]
[Date "2020.06.02"]
[Round "2"]
[White "Blitzking642"]
[Black "FMJoseHerrera"]
[Result "0-1"]
[WhiteElo "2297"]
[BlackElo "2641"]
[TimeControl "180+1"]
[EndTime "10:17:03 PDT"]
[Termination "FMJoseHerrera won by resignation"]

1. d4 Nf6 2. c4 c5 3. d5 b5 4. cxb5 a6 5. b6 g6 6. Nc3 Bg7 7. e4 O-O 8. Nf3 Qxb6 9. Nd2 d6 10. a4 Qb4 11. Be2 e6 12. O-O exd5 13. exd5 Bf5 14. Nc4 Rd8 15. Bd2 Qb7 16. Bf4 Ne8 17. Qd2 Qc7 18.
Rfe1 h5 19. h3 Nf6 20. Bf3 Nbd7 21. Bxd6 Qb7 22. Be7 Qb4 23. Bxd8 Rxd8 24. Ne3 Ne5 25. Be2 Bc8 26. Red1 Qb8 27. Nc4 Nc6 28. dxc6 Rxd2 29. Rxd2 Qc7 30. Bf3 Be6 31. Rad1 Bxc4 32. Rd8+ Kh7 33.
Ra8 Be6 34. Rdd8 g5 35. Ne4 Qf4 36. Nxc5 Qc1+ 37. Kh2 Qxc5 0-1

[Event "*** SCC Grand Prix: Titled Tuesday Blitz"]
[Site "Chess.com"]
[Date "2020.06.02"]
[Round "2"]
[White "Shockerlover"]
[Black "Kanthecarowin"]
[Result "0-1"]
[WhiteElo "1703"]
[BlackElo "2337"]
[TimeControl "180+1"]
[EndTime "10:17:04 PDT"]
[Termination "Kanthecarowin won on time"]

1. d4 Nf6 2. c4 g6 3. Nf3 Bg7 4. Nc3 d6 5. e4 O-O 6. g3 c6 7. Bg2 Qb6 8. O-O Bg4 9. b3 Nfd7 10.
Be3 c5 11. Nd5 Qd8 12. Rc1 Nc6 13. dxc5 Nxc5 14. h3 Bxf3 15. Bxf3 Rc8 16. Qe2 e6 17. Nc3 Qa5 18. Nb5 Rfd8 19. Rfd1 Bf8 20. Bg5 Rd7 21. Bf4 e5 22. Be3 Ne6 23. Rd5 Qd8 24. Rcd1 a6 25. Nc3 Bg7 26. Bg2 Ned4 27. Qg4 Ne7 28. Bxd4 exd4 29.
R5xd4 Bxd4 30. Rxd4 Nc6 31. Rd5 Ne5 32. Qe2 Rc5 33.
f4 Rxd5 34. exd5 Qb6+ 35. Kh2 Re7 36. fxe5 Rxe5 37. Qf3 Qd4 38. Na4 Qd2 39. Qf6 Re2 40. Qf3 Qe3 0-1

[Event "*** SCC Grand Prix: Titled Tuesday Blitz"]
[Site "Chess.com"]
[Date "2020.06.02"]
[Round "2"]
[White "kinga2008"]
[Black "Smile2005"]
[Result "0-1"]
[WhiteElo "2164"]
[BlackElo "2414"]
[TimeControl "180+1"]
[EndTime "10:17:05 PDT"]
[Termination "Smile2005 won by resignation"]

1. e4 d5 2. exd5 Nf6 3. Nc3 Nxd5 4. Nf3 Bg4 5. Bc4 e6 6. Bxd5 exd5 7. d4 Be7 8. O-O O-O 9. h3 Bh5 10. Bf4 c6 11. Qd3 Bg6 12. Qd2 Nd7 13. Ne5 Nxe5 14. Bxe5 f6 15. Bh2 Qb6 16. Rae1 Bb4 17. a3 Bxc3 18.
Qxc3 Rfe8 19. b3 Qb5 20. a4 Qa6 21. Bd6 Re2 22. Rxe2 Qxe2 23. Qb4 b6 24. c4 dxc4 25. bxc4 Bf7 26. c5 h5 27. Re1 Qc2 28. cxb6 axb6 29.
Qxb6 Rxa4 30. Qd8+ Kh7 31. Qf8 Qg6 32. Re3 h4 33. Re7 Ra1+ 34. Kh2 Qb1 0-1

[Event "*** SCC Grand Prix: Titled Tuesday Blitz"]
[Site "Chess.com"]
[Date "2020.06.02"]
[Round "2"]
[White "jlandaw"]
[Black "mishikomchedlishvili"]
[Result "0-1"]
[WhiteElo "2520"]
[BlackElo "2783"]
[TimeControl "180+1"]
[EndTime "10:17:06 PDT"]
[Termination "mishikomchedlishvili won by resignation"]

1. e4 c5 2. Nc3 e6 3. g3 Nc6 4.
Bg2 g6 5. d3 Bg7 6. Be3 Nd4 7.
Nce2 d6 8. c3 Nxe2 9. Nxe2 Ne7 10. d4 Qc7 11. O-O O-O 12. Qd2 Re8 13. Rad1 b6 14.
dxc5 dxc5 15. Qd6 Qxd6 16. Rxd6 Ba6 17. Rd2 Nc6 18. e5 Nxe5 19. Bxa8 Rxa8 20. Kg2 Bb7+ 21.
f3 Nc4 22. Rd3 Nxb2 23. Rd7 Ba6 24. Re1 Bb5 25. Rb7 Be5 26. Rb1 Bc6 27. Rxb2 Bxb7 28. Bf4 Bxf4 29. Nxf4 Rd8 30. Kf2 e5 31. Ne2 Bc6 32.
Ke3 f6 33. Nc1 Kf7 34. Nb3 Rd7 35. Nd2 Bd5 36. a4 Rb7 37. c4 Bc6 38. Nb1 Bxa4 39. Nc3 Bd7 40. Ne4 Ke7 41. Rd2 Be6 42. Nd6 Rc7 43.
f4 Rc6 44. Nb5 a6 45. Na3 exf4+ 46. gxf4 Rd6 47. Rb2 Bf5 48. Kf2 Kd7 0-1

[Event "*** SCC Grand Prix: Titled Tuesday Blitz"]
[Site "Chess.com"]
[Date "2020.06.02"]
[Round "2"]
[White "Roza_Idrisova"]
[Black "ChessQueen"]
[Result "0-1"]
[WhiteElo "2179"]
[BlackElo "2621"]
[TimeControl "180+1"]
[EndTime "10:17:06 PDT"]
[Termination "ChessQueen won by resignation"]

1. d4 Nf6 2. Nf3 e6 3. Bg5 d5 4. Nbd2 c5 5. c3 Be7 6. e3 O-O 7. Bd3 b6 8. O-O Bb7 9. Ne5 Nbd7 10. f4 Ne4 11. Bxe7 Qxe7 12. Nxe4 dxe4 13. Bc2 Rad8 14. Qe1 f6 15. Nxd7 Qxd7 16. Rd1 Qb5 17. Bb3 c4 18.
Bc2 Qxb2 19. Qd2 f5 20. Rb1 Qa3 21. Rb4 Bc6 22. Ra1 b5 23. Bd1 a5 24. Rb2 b4 25.
Rc1 Bd5 26. cxb4 axb4 27. Rxb4 Rb8 28. Rcb1 Rxb4 29. Rxb4 c3 30. Ra4 Qxa4 31. Bxa4 cxd2 32. Kf2 Ra8 33. Bd1 Rxa2 34. h3 Kf7 35. g3 g6 36.
h4 h6 37. Ke2 Ke7 38. Kf2 Bc4 39. g4 fxg4 40. Kg3 h5 41. Kf2 Kd6 42. Kg2 Bd3 43.
Kf2 Bc2 44. Ke2 Bxd1+ 45. Kxd1 g3 0-1

[Event "*** SCC Grand Prix: Titled Tuesday Blitz"]
[Site "Chess.com"]
[Date "2020.06.02"]
[Round "2"]
[White "Tayson_7"]
[Black "FabianoCaruana"]
[Result "0-1"]
[WhiteElo "2592"]
[BlackElo "3020"]
[TimeControl "180+1"]
[EndTime "10:17:07 PDT"]
[Termination "FabianoCaruana won by resignation"]

1. e4 c5 2. Nc3 e6 3. Nge2 a6 4. g3 b5 5. Bg2 Bb7 6. d4 b4 7.
Na4 cxd4 8. Nxd4 Nc6 9. O-O Nf6 10. e5 Nd5 11. Bxd5 exd5 12. Nf5 Qa5 13. b3 d4 14. Re1 O-O-O 15. Nxd4 Bc5 16. Nf5 Ba7 17. Be3 Bxe3 18. Rxe3 d5 19. Nd6+ Kb8 20. Nxf7 d4 21. Re1 Qd5 22.
Nxd8 Rxd8 23. Nb6 Qc5 24. Nc4 d3 25. cxd3 Nd4 26. Re4 Nb5 27. Qg4 Nc3 28. e6 Nxe4 29. dxe4 Qd4 30. Re1 Rf8 31. e7 Qxf2+ 0-1

[Event "*** SCC Grand Prix: Titled Tuesday Blitz"]
[Site "Chess.com"]
[Date "2020.06.02"]
[Round "2"]
[White "DonPreuss"]
[Black "MrChampion_Coach"]
[Result "0-1"]
[WhiteElo "2225"]
[BlackElo "2443"]
[TimeControl "180+1"]
[EndTime "10:17:08 PDT"]
[Termination "MrChampion_Coach won by resignation"]

1. d4 Nf6 2. Nc3 g6 3. e4 Bg7 4.
f4 d6 5. Nf3 O-O 6. e5 dxe5 7.
fxe5 Nd5 8. Bc4 Be6 9. Bb3 c5 10.
dxc5 Nxc3 11. Qxd8 Rxd8 12. bxc3 Nc6 13. Bf4 h6 14. Bxe6 fxe6 15. O-O Rd5 16. Nd4 Nxd4 17.
cxd4 Rxd4 18. Bg3 Rc8 19. Rfd1 Rd5 20. c4 Rdxc5 21. Rd7 R8c7 22. Rd8+ Kh7 23. Rf1 Rxc4 24. h3 Rc1 25. Rxc1 Rxc1+ 26. Kf2 Rc2+ 27. Kf3 Rc3+ 28.
Kf2 Rc2+ 29. Kf3 Rxa2 30. Re8 Ra3+ 31. Kf2 a5 32. Rxe7 Rb3 33. Rxe6 a4 34. Re7 a3 35. e6 Rb5 36. Rc7 a2 37. e7 a1=Q 38.
e8=Q Rf5+ 39. Ke2 Qf1+ 40. Kd2 Qxg2+ 0-1

[Event "*** SCC Grand Prix: Titled Tuesday Blitz"]
[Site "Chess.com"]
[Date "2020.06.02"]
[Round "2"]
[White "Yoshikrov"]
[Black "Gerasimenyuk_Miha"]
[Result "1/2-1/2"]
[WhiteElo "2039"]
[BlackElo "2356"]
[TimeControl "180+1"]
[EndTime "10:17:08 PDT"]
[Termination "Game drawn by agreement"]

1. e4 d5 2. exd5 Qxd5 3. Nc3 Qa5 4. Bc4 Nf6 5. d3 Nc6 6. Bd2 Qe5+ 7. Qe2 Qxe2+ 8. Ngxe2 Bg4 9. f3 Bh5 10. Ng3 Bg6 11. Bb5 O-O-O 12. Bxc6 bxc6 13. O-O-O e6 14. Rhe1 Bb4 15. a3 Ba5 16. Nce4 Bxd2+ 17. Rxd2 Bxe4 18. dxe4 Rxd2 19. Kxd2 Rd8+ 20. Kc1 h5 21. h4 g6 22. Rd1 Rxd1+ 23. Kxd1 Kd7 24. Kd2 c5 25. Ke3 Kd6 26.
Nf1 Nd7 27. Nd2 Ne5 28. b3 c4 29. Nxc4+ Nxc4+ 30. bxc4 Kc5 31. Kd3 a5 32. g3 f6 33.
f4 e5 34. fxe5 fxe5 35. Kc3 a4 36. Kd3 Kd6 37. Kc3 c5 38. Kd3 Ke6 39. Ke3 Kf6 40. Kf3 g5 41. Ke3 Ke6 42. Kf3 Kf7 43. Ke3 Kg6 44.
Kf3 Kf6 45. Ke3 gxh4 46. gxh4 1/2-1/2

[Event "*** SCC Grand Prix: Titled Tuesday Blitz"]
[Site "Chess.com"]
[Date "2020.06.02"]
[Round "2"]
[White "Shubinkirill2003"]
[Black "AsaHoffmann"]
[Result "1-0"]
[WhiteElo "2706"]
[BlackElo "2465"]
[TimeControl "180+1"]
[EndTime "10:17:09 PDT"]
[Termination "Shubinkirill2003 won by checkmate"]

1. e4 d6 2. d4 Nf6 3. Nc3 c6 4. Nf3 Bg4 5. Bd3 e6 6. h3 Bh5 7.
Bf4 d5 8. e5 Nfd7 9. g4 Bg6 10.
Ne2 c5 11. c3 Nc6 12. Bxg6 hxg6 13. Kf1 Qb6 14. Rb1 Be7 15. Kg2 f6 16. exf6 gxf6 17. Bg3 O-O-O 18. Nf4 Nf8 19. Re1 Bd6 20. Nxe6 Nxe6 21. Rxe6 Bxg3 22. fxg3 Rdf8 23. Qd2 f5 24. g5 cxd4 25. Nxd4 Qc7 26. Qf4 Rhg8 27. Rbe1 Qxf4 28.
gxf4 Nxd4 29. cxd4 Kc7 30. Re7+ Kb6 31. R1e6+ Kb5 32.
Rd7 Kc4 33. Re5 Kxd4 34. Rexd5+ Ke4 35. Kg3 Rc8 36. Re5# 1-0

[Event "*** SCC Grand Prix: Titled Tuesday Blitz"]
[Site "Chess.com"]
[Date "2020.06.02"]
[Round "2"]
[White "GOGIEFF"]
[Black "Munkhzul_Turmunkh"]
[Result "1-0"]
[WhiteElo "2958"]
[BlackElo "2579"]
[TimeControl "180+1"]
[EndTime "10:17:10 PDT"]
[Termination "GOGIEFF won on time"]

1. d4 Nf6 2. c4 e6 3. Nc3 Bb4 4. e3 O-O 5. Bd3 d5 6. Nf3 c5 7.
O-O dxc4 8. Bxc4 cxd4 9. exd4 b6 10. Qe2 Bb7 11. Bg5 Nbd7 12. Rac1 h6 13. Bh4 Rc8 14. Bb3 a6 15. Ne5 Nxe5 16. dxe5 Qd4 17. Bg3 Ne4 18.
Rfd1 Nxg3 19. hxg3 Qc5 20. a3 Bxc3 21. Rxc3 Qa5 22.
Rcd3 Qc5 23. Rd6 b5 24. Kh2 a5 25. f4 a4 26. Ba2 Kh8 27. Bb1 Bd5 28. f5 Rcd8 29.
f6 Rxd6 30. fxg7+ Kxg7 31. Qg4+ Kh8 32. Qf4 f5 33. exd6 Kh7 34. g4 Rg8 35. Bxf5+ 1-0

[Event "*** SCC Grand Prix: Titled Tuesday Blitz"]
[Site "Chess.com"]
[Date "2020.06.02"]
[Round "2"]
[White "Vlad_Lukiianchuk"]
[Black "TigrVShlyape"]
[Result "0-1"]
[WhiteElo "2559"]
[BlackElo "2892"]
[TimeControl "180+1"]
[EndTime "10:17:10 PDT"]
[Termination "TigrVShlyape won by resignation"]

1. d4 Nf6 2. c4 g6 3. Nc3 Bg7 4. e4 d6 5. Nf3 O-O 6. Be2 e5 7. O-O Nc6 8. d5 Ne7 9. Ne1 Nd7 10. Be3 f5 11. f3 f4 12. Bf2 g5 13. b4 Rf6 14. c5 Rh6 15. Rc1 a6 16. cxd6 cxd6 17. b5 Qe8 18. bxa6 Qh5 19. h3 bxa6 20. Na4 Nc5 21. h4 Nxa4 22. Qxa4 gxh4 23. Kh2 Qg5 24.
Rc7 Bf8 25. Nd3 Rg6 26. Rg1 Rb8 27. Kh1 h3 28. g3 h2 29. Rg2 Bh3 30. g4 Rb1+ 31.
Rc1 Bxg2+ 32. Kxg2 Rxc1 33. Nxc1 h5 34. Kxh2 hxg4 35.
fxg4 f3 36. Bxf3 Qxc1 37. Qe8 Qf4+ 38. Kg2 Rf6 39. Bh4 Qxf3+ 0-1

[Event "*** SCC Grand Prix: Titled Tuesday Blitz"]
[Site "Chess.com"]
[Date "2020.06.02"]
[Round "2"]
[White "pedromartinez91"]
[Black "bascheyaro"]
[Result "0-1"]
[WhiteElo "2503"]
[BlackElo "2746"]
[TimeControl "180+1"]
[EndTime "10:17:10 PDT"]
[Termination "bascheyaro won by resignation"]

1. e4 e6 2. d4 d5 3. Nc3 Bb4 4. Qd3 dxe4 5. Qxe4 Nf6 6. Qh4 Nc6 7. Nf3 Nd5 8. Qxd8+ Nxd8 9. Bd2 Nxc3 10. bxc3 Be7 11.
Bd3 c5 12. Ne5 f6 13. Nf3 Nc6 14. O-O Kf7 15. Be4 Rd8 16. Be3 cxd4 17. Nxd4 Ne5 18. Rab1 Rd7 19. f4 Nc4 20. Bc1 Bc5 21. Kh1 Bxd4 22.
cxd4 Rxd4 23. Bxb7 Rb8 24. c3 Bxb7 25. Rxb7+ Rxb7 26. cxd4 Rb1 27. Re1 Ra1 28. Kg1 Rxa2 29. f5 exf5 30.
d5 Ra1 31. Kf2 Ne5 32. Ke2 Ra2+ 33. Ke3 f4+ 34. Kd4 Ra4+ 35. Kc3 Rc4+ 36. Kb3 Rd4 37. Rf1 g5 38. g3 fxg3 39. hxg3 Kg6 40. Be3 Rd3+ 0-1

[Event "*** SCC Grand Prix: Titled Tuesday Blitz"]
[Site "Chess.com"]
[Date "2020.06.02"]
[Round "2"]
[White "TengisChess"]
[Black "MirMan90"]
[Result "1-0"]
[WhiteElo "2515"]
[BlackElo "2722"]
[TimeControl "180+1"]
[EndTime "10:17:10 PDT"]
[Termination "TengisChess won by resignation"]

1. d4 Nf6 2. Nf3 g6 3. Nc3 Bg7 4. e4 d6 5. Be2 O-O 6. O-O a6 7. a4 Nc6 8. Re1 e5 9. dxe5 Nxe5 10. Nxe5 dxe5 11. Qxd8 Rxd8 12. Bg5 Be6 13. Rad1 Rd4 14. f3 Rad8 15. Be3 R4d7 16. Rxd7 Nxd7 17. Rd1 Bf8 18. Nd5 Rc8 19. Bc4 Kg7 20. Kf2 a5 21. b3 Bc5 22. g4 Bxe3+ 23. Nxe3 Nc5 24. Bxe6 Nxe6 25.
Nc4 Kf6 26. Nxa5 Rb8 27. Nc4 Nd4 28. Ne3 c6 29. b4 Ke7 30. c3 Ne6 31. Nc4 f6 32. a5 Nc7 33. g5 fxg5 34. Nxe5 Nb5 35. c4 Nd6 36. c5 Nb5 37. a6 Ke6 38. Nd7 Rd8 39. axb7 Nc3 40. Rd3 1-0

[Event "*** SCC Grand Prix: Titled Tuesday Blitz"]
[Site "Chess.com"]
[Date "2020.06.02"]
[Round "2"]
[White "Charlottemillard17"]
[Black "Muracle"]
[Result "0-1"]
[WhiteElo "1478"]
[BlackElo "2597"]
[TimeControl "180+1"]
[EndTime "10:17:10 PDT"]
[Termination "Muracle won by checkmate"]

1. e4 c5 2. Nf3 Nc6 3. d4 cxd4 4.
Nxd4 e5 5. Nb3 Nf6 6. Nc3 Bb4 7.
Bd3 O-O 8. Bd2 Be7 9. O-O d6 10. h3 Be6 11. Kh1 d5 12. exd5 Nxd5 13. Nxd5 Bxd5 14.
f4 e4 15. Bb5 Bf6 16. Rb1 Qc8 17. Bxc6 bxc6 18. Be3 Rd8 19. Qh5 a5 20. a3 Rb8 21. Nd4 Ba2 22. Ra1 Rxb2 23. Qxa5 c5 24. Nb5 Bc4 25. Nc7 Rb7 26. Qxc5 Rxc7 27. Qh5 Bxf1 28.
Rxf1 Rc3 29. f5 Rxe3 30. Rf4 Re1+ 31. Kh2 Be5 32. g3 Qxc2+ 33. Rf2 Qxf2# 0-1

[Event "*** SCC Grand Prix: Titled Tuesday Blitz"]
[Site "Chess.com"]
[Date "2020.06.02"]
[Round "2"]
[White "H3nriqueTV"]
[Black "Artem_Koval"]
[Result "1-0"]
[WhiteElo "2185"]
[BlackElo "2400"]
[TimeControl "180+1"]
[EndTime "10:17:10 PDT"]
[Termination "H3nriqueTV won on time"]

1. e4 c5 2. Nf3 d6 3. g3 Nf6 4.
Nc3 e5 5. Bg2 Be7 6. O-O O-O 7.
d3 Nc6 8. h3 h6 9. Nh2 Nd4 10.
f4 exf4 11. Bxf4 Be6 12. Nf3 Qd7 13. Kh2 Nc6 14. e5 dxe5 15. Nxe5 Nxe5 16. Bxe5 Nd5 17. Qf3 Rad8 18. Rae1 Rfe8 19. Qh5 Nxc3 20. Bxc3 Bd5 21.
Bxd5 Qxd5 22. Re5 Qxa2 23. Rfe1 Rd7 24. Qg4 Bf6 25. Rxe8+ Kh7 26. Qxd7 Bxc3 27. bxc3 Qxc2+ 28. R8e2 Qxc3 29. Qf5+ g6 30. Qxf7+ Qg7 31. Qxg7+ Kxg7 32. Re7+ 1-0

[Event "*** SCC Grand Prix: Titled Tuesday Blitz"]
[Site "Chess.com"]
[Date "2020.06.02"]
[Round "2"]
[White "damayito"]
[Black "WPWPWP-2015"]
[Result "0-1"]
[WhiteElo "1655"]
[BlackElo "2337"]
[TimeControl "180+1"]
[EndTime "10:17:11 PDT"]
[Termination "WPWPWP-2015 won on time"]

1. e4 c5 2. Nc3 d6 3. g3 g6 4.
Bg2 Bg7 5. Nf3 Nf6 6. d3 O-O 7.
O-O e5 8. Bg5 h6 9. Bd2 Be6 10.
Qc1 Kh7 11. a4 Nc6 12. Ne2 d5 13. Nh4 dxe4 14. dxe4 Bc4 15. Re1 Nd4 16. Nxd4 cxd4 17. Nf3 Qc7 18. b3 Be6 19. Rb1 Rac8 20. Rb2 Bd7 21. Qb1 Bc6 22. Nh4 Rfe8 23. c3 dxc3 24. Bxc3 Bxe4 25. Bxe4 Nxe4 26. Bb4 Ng5 27. Qd1 e4 28.
Qe2 Nf3+ 29. Nxf3 exf3 30. Qxe8 Rxe8 31. Rxe8 Bxb2 32. Re1 a5 33. Bd2 Qc2 34. Be3 Qxb3 0-1

[Event "*** SCC Grand Prix: Titled Tuesday Blitz"]
[Site "Chess.com"]
[Date "2020.06.02"]
[Round "2"]
[White "ditkin25"]
[Black "Zmeeed63"]
[Result "1-0"]
[WhiteElo "2443"]
[BlackElo "2223"]
[TimeControl "180+1"]
[EndTime "10:17:12 PDT"]
[Termination "ditkin25 won by checkmate"]

1. e4 Nc6 2. Nf3 d6 3. d4 Bg4 4. c3 Nf6 5. Bd3 g6 6. h3 Bxf3 7. Qxf3 Bg7 8. O-O O-O 9. Be3 e5 10. Nd2 Qd7 11. Qe2 Rae8 12. a4 Nh5 13. dxe5 dxe5 14. Rad1 Kh8 15. Nb3 Nf4 16. Bxf4 exf4 17. Bb5 Qe7 18. Rfe1 f5 19. exf5 Qf7 20. Qc4 Qxf5 21.
Rxe8 Rxe8 22. Bxc6 bxc6 23. Qxc6 Rf8 24. Nc5 Qc2 25.
Qf3 Re8 26. Rd7 Be5 27. Ne4 Qxb2 28. Ng5 Qa1+ 29. Kh2 Qxc3 30. Rxh7+ Kg8 31. Qd5+ Kf8 32. Qf7# 1-0

[Event "*** SCC Grand Prix: Titled Tuesday Blitz"]
[Site "Chess.com"]
[Date "2020.06.02"]
[Round "2"]
[White "amiralfio"]
[Black "Kapibara_Warri0r"]
[Result "1-0"]
[WhiteElo "2397"]
[BlackElo "2131"]
[TimeControl "180+1"]
[EndTime "10:17:12 PDT"]
[Termination "amiralfio won on time"]

1. d4 Nf6 2. Nf3 g6 3. c4 Bg7 4. Nc3 d6 5. e4 O-O 6. h3 e5 7. d5 Nbd7 8. Be3 a5 9. g4 b6 10. Nd2 Nc5 11. Be2 Ne8 12. h4 f5 13.
g5 Na6 14. f3 Bh8 15. a3 Ng7 16. Qc2 Nh5 17. O-O-O f4 18. Bf2 Nc5 19. Rhg1 Bd7 20. Nb5 a4 21. Kb1 Qe8 22. Nxc7 Qb8 23. Nxa8 Qxa8 24.
Ka2 Qa7 25. Nb1 Nb3 26. Nc3 Qa5 27. Nb5 Bxb5 28. cxb5 Qa8 29. Qc6 Qb8 30. Qxb6 Qc8 31. Qc6 Qb8 32. Rc1 Nxc1+ 33. Rxc1 Ng3 34. Bd3 Rd8 35. b6 Bg7 36. b7 1-0

[Event "*** SCC Grand Prix: Titled Tuesday Blitz"]
[Site "Chess.com"]
[Date "2020.06.02"]
[Round "2"]
[White "CaspiIsrael"]
[Black "GM_dmitrij"]
[Result "1-0"]
[WhiteElo "2590"]
[BlackElo "2930"]
[TimeControl "180+1"]
[EndTime "10:17:13 PDT"]
[Termination "CaspiIsrael won on time"]

1. e4 e5 2. Nf3 Nc6 3. d4 exd4 4. Nxd4 Nf6 5. Nc3 Bb4 6. Nxc6 bxc6 7. Bd3 O-O 8. O-O Re8 9. Bg5 h6 10. Bh4 Bxc3 11.
bxc3 g5 12. Bg3 Nxe4 13. Qh5 d5 14. Qxh6 Bf5 15. Qxc6 Rc8 16. Rfe1 Re6 17. Qa4 Qe7 18. Bxe4 Rxe4 19. Rxe4 Qxe4 20. Qxa7 Qxc2 21. Qe3 Bg6 22. Qxg5 Re8 23. Be5 Qe2 24. f4 Qh5 25. Qf6 Qh6 26. Re1 c5 27. f5 Rxe5 28. Qxe5 Bh5 29. Qxd5 Qf6 30. Qxc5 Kh7 31. Qe5 Qg5 32. f6 Qh6 33. Re3 1-0

[Event "*** SCC Grand Prix: Titled Tuesday Blitz"]
[Site "Chess.com"]
[Date "2020.06.02"]
[Round "2"]
[White "Philosopherrr"]
[Black "Anwesh9792"]
[Result "1/2-1/2"]
[WhiteElo "2499"]
[BlackElo "2718"]
[TimeControl "180+1"]
[EndTime "10:17:13 PDT"]
[Termination "Game drawn by repetition"]

1. e4 e5 2. Nf3 Nc6 3. Bb5 a6 4. Ba4 Nf6 5. O-O Bc5 6. d3 b5 7.
Bb3 d6 8. a3 Bg4 9. h3 Bxf3 10.
Qxf3 Nd4 11. Qd1 Nxb3 12. cxb3 h6 13. b4 Bb6 14. Qc2 O-O 15. Qc6 Re8 16. Nc3 Qd7 17.
Qxd7 Nxd7 18. Be3 Bxe3 19. fxe3 c6 20. Rac1 Rac8 21. Rc2 Nb6 22. Rfc1 Nd7 23. Nd5 Nb8 24. g4 f6 25. Kg2 Kf7 26. Kg3 Rcd8 27. Nc3 Nd7 28.
Ne2 c5 29. Nc3 Rc8 30. Nd5 Rc6 31. bxc5 dxc5 32. b4 Rec8 33. Kf3 Ke6 34. h4 Kd6 35. g5 hxg5 36. hxg5 fxg5 37. Kg3 Nf6 38. Nb6 R8c7 39. Na8 Rc8 40. Nb6 R8c7 41. Na8 Rc8 42. Nb6 1/2-1/2